AoeStats
← Janto&Balio

Golden Pit

509440117Analyzed
1v1 RM · 7d ago on Sep 26, 2026· 29m 8s· 2 players
Game mode
Random Map
Map size
Tiny (2 player)
Population
200
Speed
Normal
Resources
Standard
Victory
Conquest
Starting age
Dark Age
Ending age
Imperial Age
RankedLock teamsTeams togetherTeam positionsShared explorationLock speedFull tech treeHidden civsTurbo modeCheats
Victory
Defeat
🇦🇷 Byzantines · Argentina
1027
+17
🇧🇷 Varangians · Brazil
1049
-17
Janto&Balio
6:52 Loom
9:39 Feudal Age
10:54 Double-Bit Axe
12:54 Fletching
21:20 Castle Age
21:52 Crossbowman
23:50 Forging
23:55 Husbandry
LordLuke13
10:01 Loom
11:47 Feudal Age
13:05 Double-Bit Axe
13:01 Horse Collar
20:47 Castle Age
18:34 Town Watch
19:23 Forging
19:26 Bloodlines
20:45 Scale Barding Armor
20:58 Stone Mining
21:52 Light Cavalry
22:48 Gold Mining
24:36 Pikeman
Connection lost

Rejoining the realm…

Still unreachable

The connection could not be restored.

Session expired

The server has moved on; the page needs a fresh start.